 Dungeon Crawl Stone Soup version 0.30.0-30-g96aa6591b8 (webtiles) character file.

Game seed: 14876690506662191373

6098 Fodor the Protected (level 10, -4/90 HPs)
             Began as a Minotaur Fighter on June 28, 2023.
             Was an Initiate of Gozag.
             Slain by Prince Ribbit (10 damage)
             ... in a bailey.
             The game lasted 00:39:38 (9409 turns).

Fodor the Protected (Minotaur Fighter)              Turns: 9409, Time: 00:39:40

Health: -4/90      AC: 10    Str: 24    XL:     10   Next: 58%
Magic:  9/9        EV: 12    Int:  5    God:    Gozag
Gold:   862        SH:  0    Dex: 11    Spells: 9/9 levels left

rFire   + . .        r - +1 scythe (venom)
rCold   x . .        (shield currently unavailable)
rNeg    . . .        b - +0 scale mail
rPois   .            (helmet restricted)
rElec   .            (no cloak)
rCorr   .            w - +0 pair of gloves
SInv    .            (no boots)
Will    +....        (no amulet) Stlth
                     F - ring of willpower
HPRegen 0.35/turn    v - ring of fire
MPRegen 0.11/turn

%: no passive effects
@: mighty
A: horns 2, retaliatory headbutt
a: Renounce Religion, Potion Petition, Call Merchant, Bribe Branch


You were in a bailey.
You worshipped Gozag.
Gozag was pleased with you.
You visited 2 branches of the dungeon, and saw 10 of its levels.
You also visited: Bailey.

You collected 991 gold pieces.
You paid 129 gold pieces to Gozag.

Inventory:

Hand Weapons
 q - a +1 heavy hand axe
 r - a +1 scythe of venom (weapon)
 H - a +0 shortbow
 J - a +4 long sword
Missiles
 y - 21 poisoned darts (quivered)
Armour
 b - a +0 scale mail (worn)
 c - a +0 buckler
 f - a +0 plate armour
 w - a +0 pair of gloves (worn)
Jewellery
 m - a ring of see invisible
 v - a ring of fire (right hand)
 F - a ring of willpower (left hand)
Wands
 g - a wand of flame (14)
 A - a wand of digging (5)
 B - a wand of light (21)
Scrolls
 e - 4 scrolls of teleportation
 h - 2 scrolls of magic mapping {unknown}
 j - a scroll of amnesia {unknown}
 k - 3 scrolls of immolation {unknown}
 l - 10 scrolls of identify {unknown}
 o - 3 scrolls of fear {unknown}
 p - a scroll of enchant weapon {unknown}
 t - 3 scrolls of torment {unknown}
 u - 2 scrolls of poison {unknown}
 D - a scroll of blinking {unknown}
 G - a scroll of acquirement {unknown}
Potions
 a - 4 potions of lignification
 i - a potion of cancellation {unknown}
 n - a potion of haste
 x - 3 potions of invisibility
 E - a potion of brilliance {unknown}
Miscellaneous
 I - a phial of floods


   Skills:
 + Level 8.9 Fighting
 + Level 2.9 Long Blades
 + Level 3.7 Maces & Flails
 + Level 10.7 Polearms
 + Level 0.9 Throwing
 + Level 11.2 Armour
 + Level 5.7 Dodging
 + Level 1.0 Stealth
 + Level 4.5 Shields


You had 9 spell levels left.
You didn't know any spells.
Your spell library contained the following spells:

 Spells                   Type           Power      Damage    Failure   Level
 Static Discharge         Conj/Air       0%         2-2/arc   86%         2
 Dazzling Flash           Conj/Hex       0%         N/A       97%         3
 Ozocubu's Armour         Ice            0%         N/A       97%         3
 Volatile Blastmotes      Fire/Tloc      0%         2d10      97%         3
 Airstrike                Air            0%         2d(0-16)  100%        4
 Iskenderun's Mystic Bla  Conj/Tloc      0%         2d3       100%        4
 Summon Lightning Spire   Summ/Air       0%         N/A       100%        4
 Starburst                Conj/Fire      0%         6d3       100%        6
 Ozocubu's Refrigeration  Ice            0%         4d7       100%        7


Dungeon Overview and Level Annotations

Branches:
Dungeon (9/15)             Temple (1/1) D:7          Bailey (1/1)
   Lair: D:8-11         Orc: D:9-12

Altars:
Ashenzari
Dithmenos
Fedhas
Gozag
Makhleb
Nemelex Xobeh
Qazlal
Ru
Trog
Uskayaw
Vehumet
Wu Jian
Yredelemnul
Zin

Shops:
D:6 [

Annotations:
Bailey Prince Ribbit


Innate Abilities, Weirdness & Mutations

You have a pair of horns on your head.
You reflexively headbutt those who attack you in melee.


Message History

The vault guard hits you with a +0 broad axe!
You closely miss the vault guard.
You headbutt the vault guard, but do no damage.
The vault guard is lightly wounded.
The vault guard hits you with a +0 broad axe!
Prince Ribbit lets out a mournful croak.
Prince Ribbit blinks!
You closely miss the vault guard.
You headbutt the vault guard, but do no damage.
The vault guard is lightly wounded.
The vault guard hits you with a +0 broad axe!
* * * LOW HITPOINT WARNING * * *
You completely miss the vault guard.
The vault guard is lightly wounded.
Prince Ribbit blinks!
The vault guard hits you with a +0 broad axe.
* * * LOW HITPOINT WARNING * * *
You feel much better.
The vault guard hits you with a +0 broad axe!
* * * LOW HITPOINT WARNING * * *
You feel very mighty all of a sudden. The vault guard misses you.
You furiously retaliate!
You headbutt the vault guard! You closely miss the vault guard.
The vault guard is moderately wounded.
You closely miss the vault guard.
The vault guard is moderately wounded.
The vault guard hits you with a +0 broad axe.
* * * LOW HITPOINT WARNING * * *
You hit the vault guard.
The vault guard looks even sicker.
The vault guard is heavily wounded.
The vault guard hits you with a +0 broad axe!
* * * LOW HITPOINT WARNING * * *
You puncture the vault guard!
The vault guard looks as sick as possible!
You headbutt the vault guard!
The vault guard is severely wounded.
Prince Ribbit hits you!
You die...
Your body crumbles into a pile of gold.

## +.### #≈.~## #≈.~~##
##≈.~~~# #####
###≈~..~#######
.#≈≈####≈≈~...##....!##
.#~~≈≈≈≈~~.~..#.....??#
))..~~~~.~....'F@p...?#
.#............#.....??#
.#≈≈≈~..~..~~.##....$##
#####≈~.~....~~#######
.).##≈~~~~~~~~~≈#
)))#≈~~~~~~~~~≈##
.#'##≈≈~~~~~≈≈##
##..###≈≈≈≈≈###
##....#######


You could see a vault guard (extremely poisoned) and Prince Ribbit.

Vanquished Creatures
  2 two-headed ogres (D:8)
  Sigmund (D:2)
  A wyvern (D:8)
  6 humans (Bailey)
  2 water moccasins
  A sky beast (D:8)
  2 ice beasts (D:7)
  5 orc warriors
  2 centaurs
  An ogre (D:5)
  2 kobold brigands
  9 bullfrogs
  A gnoll sergeant (D:6)
  3 scorpions
  7 killer bees
  2 howler monkeys
  2 centaur zombies (D:6)
  5 hounds
  A jelly (D:5)
  2 gnoll boudas
  3 orc priests
  A sleepcap (D:5)
  7 iguanas
  11 orc wizards
  Robin (D:2)
  8 gnolls
  3 river rats (D:6)
  12 adders
  3 shadow imps
  2 ufetubi
  6 worms
  4 dart slugs
  33 orcs
  10 ball pythons
  6 endoplasms
  3 giant cockroaches
  21 goblins
  11 hobgoblins
  3 jackals (D:1)
  5 quokkas
  3 bats
  3 frilled lizards
  14 kobolds
  5 rats
235 creatures vanquished.

Notes
Turn   | Place    | Note
-------+----------+-------------------------------------------
     0 | D:1      | Fodor the Minotaur Fighter began the quest for the Orb.
     0 | D:1      | Reached XP level 1. HP: 19/19 MP: 0/0
   136 | D:1      | Reached skill level 4 in Armour
   136 | D:1      | Reached XP level 2. HP: 23/27 MP: 1/1
   420 | D:1      | Found a faded altar of an unknown god.
   492 | D:1      | Reached XP level 3. HP: 8/33 MP: 2/2
   873 | D:1      | You fall into a shaft and drop 1 floor!
  1440 | D:2      | Noticed Robin
  1469 | D:2      | Killed Robin
  1470 | D:2      | Reached skill level 1 in Maces & Flails
  1470 | D:2      | Reached XP level 4. HP: 8/40 MP: 3/3
  1472 | D:2      | Reached skill level 1 in Dodging
  1742 | D:2      | Noticed Sigmund
  1757 | D:2      | Killed Sigmund
  1758 | D:2      | Reached skill level 5 in Armour
  1758 | D:2      | Reached XP level 5. HP: 28/46 MP: 4/4
  2292 | D:3      | Reached XP level 6. HP: 52/52 MP: 5/5
  2678 | D:4      | Reached skill level 1 in Polearms
  2686 | D:4      | Found a bloodstained altar of Trog.
  2687 | D:4      | Found a radiant altar of Vehumet.
  2766 | D:4      | Noticed an orc warrior
  2773 | D:4      | Killed an orc warrior
  3259 | D:4      | Reached skill level 6 in Armour
  3271 | D:4      | Reached XP level 7. HP: 49/60 MP: 6/6
  3540 | D:5      | Entered Level 5 of the Dungeon
  3583 | D:5      | Reached skill level 5 in Fighting
  3625 | D:5      | Found a shadowy altar of Dithmenos.
  3800 | D:5      | Reached skill level 7 in Armour
  4048 | D:5      | Reached XP level 8. HP: 68/68 MP: 7/7
  4459 | D:6      | Noticed an animated shadow dragon scales
  4459 | D:6      | Noticed an animated pearl dragon scales
  4460 | D:6      | Found Kileink's Armour Shop.
  4468 | D:6      | Reached skill level 5 in Polearms
  5441 | D:6      | Found a basalt altar of Yredelemnul.
  6403 | D:7      | Found a staircase to the Ecumenical Temple.
  6424 | Temple   | Entered the Ecumenical Temple
  6461 | Temple   | Became a worshipper of Gozag Ym Sagoz the Greedy
  6502 | D:7      | Reached skill level 8 in Armour
  6502 | D:7      | Reached XP level 9. HP: 66/79 MP: 8/8
  6885 | D:7      | Found a stormy altar of Qazlal.
  7534 | D:8      | Noticed a two-headed ogre
  7540 | D:8      | Killed a two-headed ogre
  7541 | D:8      | Reached skill level 9 in Armour
  7743 | D:8      | Noticed a two-headed ogre
  7750 | D:8      | Killed a two-headed ogre
  7751 | D:8      | Reached skill level 10 in Armour
  7809 | D:8      | Reached XP level 10. HP: 66/88 MP: 9/9
  7814 | D:8      | Found a blossoming altar of Fedhas.
  8330 | D:9      | Found a broken altar of Ashenzari.
  8523 | D:9      | Reached skill level 5 in Dodging
  8806 | D:9      | Found a flagged portal.
  8826 | Bailey   | Entered a bailey
  8840 | Bailey   | Reached skill level 10 in Polearms
  8966 | Bailey   | Reached skill level 1 in Stealth
  9233 | Bailey   | Reached skill level 11 in Armour
  9393 | Bailey   | Noticed Prince Ribbit
  9393 | Bailey   | Noticed a vault guard
  9409 | Bailey   | Slain by Prince Ribbit

Illustrated notes

Levels and vault maps discovered:
D:1:      minmay_arrival_four_houses, layout_rooms,
          ebering_ecumenical_altar_petrified
D:2:      layout_basic, serial_corexii_hall, corexii_hall_statues_i,
          chequers_hall_statues_wall_a, chequers_hall_statues_wall_a,
          corexii_hall_statues_x, uniq_sigmund, uniq_robin
D:3:      layout_basic, hangedman_decor_growths
D:4:      cheibrodos_barr_body, layout_rooms, jmf_multi_god_temple
D:5:      layout_basic, marbit_many_paths
D:6:      layout_basic, lemuel_zombie_altar_yredelemnul, serial_shops,
          nicolae_shop_mannequins, lightli_sewer_entry_pipes
D:7:      layout_loops_ring, nicolae_qazlal_style_of_elements, temple_fountains
D:8:      layout_loops_ring, fedhas_altar_2, kennysheep_generic_room_12
D:9:      layout_basic, okawaru_metal_pillars_1_2,
          nicolae_overflow_crystal_walls, mainiacjoe_overflow_alcove_2,
          enter_bailey_3
Temple:   bh_familiar_temple
Bailey:   bailey_axe_froggy_fort_hellmonk, bailey

Skill      XL: |  1  2  3  4  5  6  7  8  9 10 |
---------------+-------------------------------+-----
Armour         | 4 5 6 7 8 10 11 | 11.2
Shields        | 4 |  4.5
Fighting       | 4 5 7 8 |  8.9
Maces & Flails | 1 3 |  3.7
Dodging        | 1 2 3 4 5 |  5.7
Polearms       | 2 4 7 9 10 | 10.7
Stealth        | 1 |  1.0
Long Blades    | |  2.9
Throwing       | |  0.9

Action                     |  1- 3 |  4- 6 |  7- 9 | 10-12 || total
---------------------------+-------+-------+-------+-------++-------
  Melee: Long sword        |    33 |       |       |       ||    33
         Headbutt          |    16 |    20 |    48 |    24 ||   108
         Flail             |    71 |    20 |       |       ||    91
         Halberd           |       |    86 |   285 |   135 ||   506
  Throw: Dart              |       |       |     2 |     6 ||     8
    Use: Scroll            |       |     1 |     1 |     1 ||     3
         Potion            |       |       |     3 |     7 ||    10
 Armour: Scale mail        |    78 |    57 |   177 |    73 ||   385
         Skin              |       |       |       |    21 ||    21
  Dodge: Dodged            |    77 |    71 |   221 |   119 ||   488
  Block: Buckler           |    29 |     6 |       |       ||    35
